 Dungeon Crawl Stone Soup version 0.23.1 (webtiles) character file.

Game seed: 10665918571486171219

146 Pepeogr the Slasher (level 5, 0/47 HPs)
             Began as a Hill Orc Monk on Mar 11, 2019.
             Was a Believer of Beogh.
             Slain by an iguana (2 damage)
             ... on level 4 of the Dungeon.
             The game lasted 00:10:26 (2803 turns).

Pepeogr the Slasher (Hill Orc Monk)                 Turns: 2803, Time: 00:10:27

Health: 0/47       AC:  3    Str: 16    XL:     5   Next: 28%
Magic:  5/5        EV: 12    Int: 12    God:    Beogh [**....]
Gold:   87         SH:  0    Dex: 14    Spells: 4/4 levels left

rFire    . . .     SeeInvis .   a - +0 falchion
rCold    + . .     Gourm    .   (no shield)
rNeg     . . .     Faith    .   i - +0 leather armour
rPois    .         Spirit   .   (no helmet)
rElec    .         Reflect  .   (no cloak)
rCorr    .         Harm     .   (no gloves)
MR       .....                  (no boots)
Stlth    ++........             (no amulet)
HPRegen  0.15/turn              (no ring)
MPRegen  0.09/turn              (no ring)

@: no status effects
A: clever 1, cold resistance 1, deterioration 1, strong 1
a: Smiting, Renounce Religion


You were on level 4 of the Dungeon.
You worshipped Beogh.
Beogh was pleased with you.
You were not hungry.

You visited 1 branch of the dungeon, and saw 4 of its levels.

You collected 87 gold pieces.

Inventory:

Hand Weapons
 a - a +0 falchion (weapon)
Armour
 b - a +0 robe
 i - a +0 leather armour (worn)
Wands
 g - a wand of random effects (13)
Scrolls
 e - 2 scrolls of blinking
 h - a scroll of identify {unknown}
 j - a scroll of enchant weapon {unknown}
Potions
 d - a potion of magic
 f - a potion of haste
Comestibles
 c - a ration


   Skills:
 + Level 4.9 Fighting
 * Level 5.5 Long Blades
 - Level 2.4 Dodging
 - Level 1.5 Stealth


You had 4 spell levels left.
You didn't know any spells.
Your spell library was empty.

Dungeon Overview and Level Annotations

Branches:
Dungeon (4/15)
 Temple: D:4-7

Altars:

Annotations:
D:3 Sigmund


Innate Abilities, Weirdness & Mutations

Your mind is acute. (Int +2)
Your flesh is cold resistant. (rC+)
Your body sometimes deteriorates upon taking damage.
Your muscles are strong. (Str +2)


Message History

The iguana is lightly wounded.
The iguana bites you!
You hit the iguana but do no damage.
The iguana is lightly wounded.
The iguana bites you.
You barely miss the iguana.
The iguana is lightly wounded.
The iguana bites you!
* * * LOW HITPOINT WARNING * * *
You closely miss the iguana.
The iguana is lightly wounded.
The iguana barely misses you.
You closely miss the iguana.
The iguana is lightly wounded.
The iguana bites you!
* * * LOW HITPOINT WARNING * * *
You hit the iguana.
The iguana is moderately wounded.
The iguana bites you.
You die...

.#.# .%. # ..# ###
.. ..## ##.# ...##
#.. .(..### ##l#
......## ##.@#
...##..### #..##
...###...#####..##
...# ###.........#
...#
#.....###....#
...#
#........###...
..## #.........#
## ..# #.......###
..# #.#######


You could see an iguana.

Vanquished Creatures
  A howler monkey (D:4)
  An orc priest (D:4)
  Terence (D:2)
  An adder (D:2)
  A dart slug (D:1)
  2 leopard geckos
  4 orcs
  A ball python (D:1)
  3 bats
  3 giant cockroaches
  8 goblins
  A hobgoblin (D:1)
  3 frilled lizards
  8 kobolds
  5 rats
43 creatures vanquished.

Vanquished Creatures (others)
  An orc (D:3)
1 creature vanquished.

Grand Total: 44 creatures vanquished

Notes
Turn   | Place    | Note
-------+----------+-------------------------------------------
     0 | D:1      | Pepeogr the Hill Orc Monk began the quest for the Orb.
     0 | D:1      | Reached XP level 1. HP: 19/19 MP: 1/1
   356 | D:1      | Reached XP level 2. HP: 12/27 MP: 2/2
   747 | D:1      | Reached skill level 4 in Long Blades
   943 | D:1      | Reached XP level 3. HP: 14/33 MP: 3/3
  1203 | D:2      | Gained mutation: Your body sometimes deteriorates upon
                  | taking damage. [potion of mutation]
  1203 | D:2      | Gained mutation: Your flesh is cold resistant. (rC+)
                  | [potion of mutation]
  1203 | D:2      | Gained mutation: Your muscles are strong. (Str +2) [potion
                  | of mutation]
  1203 | D:2      | Gained mutation: Your mind is acute. (Int +2) [potion of
                  | mutation]
  1571 | D:2      | Noticed Terence
  1587 | D:2      | Killed Terence
  1587 | D:2      | Reached XP level 4. HP: 28/41 MP: 4/4
  1723 | D:2      | You fall through a shaft!
  1761 | D:3      | Noticed Sigmund
  1768 | D:3      | Became a worshipper of Beogh the Brigand
  1768 | D:3      | Reached * piety under Beogh
  1768 | D:3      | Reached ** piety under Beogh
  2139 | D:4      | Reached skill level 5 in Long Blades
  2339 | D:4      | Reached XP level 5. HP: 27/47 MP: 5/5
  2802 | D:4      | HP: 2/47 [iguana (11)]
  2803 | D:4      | Slain by an iguana

Skill      XL: |  1  2  3  4 |
---------------+-------------+-----
Long Blades    | 4 5 |  5.5
Fighting       | 4 |  4.9
Dodging        | |  2.4
Stealth        | |  1.5

Action                   |  1- 3 |  4- 6 || total
-------------------------+-------+-------++-------
Melee: Falchion          |    86 |    57 ||   143
Invok: Convert to Beogh  |       |     1 ||     1
  Use: Potion            |     5 |       ||     5
       Scroll            |     2 |     1 ||     3
 Stab: Sleeping          |     1 |       ||     1
  Eat: Ration            |     1 |     1 ||     2
       Chunk             |     1 |       ||     1
Armor: Robe              |    26 |     4 ||    30
Dodge: Dodged            |    61 |    32 ||    93
       Rpst.: Falchion   |    19 |     7 ||    26
